 Dungeon Crawl Stone Soup version 0.19-a0-1714-gcab94ab (webtiles) character file.

43550 Alarkh the Spear-Bearer (level 13, -7/94 HPs)
             Began as a Mummy Necromancer on Sept 28, 2016.
             Was an Elder of Okawaru.
             Mangled by a sixfirhy (9 damage)
             ... on level 3 of the Abyss.
             The game lasted 00:48:28 (22460 turns).

Alarkh the Spear-Bearer (Mummy Necromancer)        Turns: 22460, Time: 00:48:29

Health: -7/94      AC: 17    Str: 11    XL:     13   Next: 91%
Magic:  14/23      EV: 12    Int: 20    God:    Okawaru [****..]
Gold:   918        SH:  0    Dex: 12    Spells: 6 memorised, 12 levels left

rFire  . . .     SeeInvis +     b - +0 halberd
rCold  . . .     Gourm    .     F - +4 ring mail {rN+}
rNeg   + + +     Faith    .     (shield currently unavailable)
rPois  ∞         Spirit   .     c - +1 hat {SInv}
rElec  .         Dismiss  +     q - +0 cloak
rCorr  .         Reflect  .     u - +0 pair of gloves
MR     +....     Harm     .     E - +2 pair of boots {Fly}
Stlth  ++........               x - amulet of dismissal
                                K - ring of fire
                                j - ring of stealth

@: flying
A: no food or potions, fire vulnerability, cold resistance 1, negative energy
resistance 3, torment resistance, unbreathing, in touch with death 1
a: Heroism, Renounce Religion, Stop Flying


You were on level 3 of the Abyss.
You worshipped Okawaru.
Okawaru was greatly pleased with you.
You were not hungry.

You visited 3 branches of the dungeon, and saw 19 of its levels.
You visited the Abyss 1 time.

You collected 1147 gold pieces.
You spent 229 gold pieces at shops.

Inventory:

Hand Weapons
 a - a +2 spear of venom
 b - a +0 halberd (weapon)
 g - a +1 halberd of protection
Missiles
 J - a throwing net (quivered)
 P - 8 javelins of penetration
Armour
 c - a +1 hat of see invisible (worn)
 q - a +0 cloak (worn)
 u - a +0 pair of gloves (worn)
 E - a +2 pair of boots of flying (worn)
 F - a +4 ring mail of positive energy (worn)
Jewellery
 d - an uncursed amulet of faith
 j - a ring of stealth (left hand)
 x - an amulet of dismissal (around neck)
 H - a +3 amulet of reflection
 K - a ring of fire (right hand)
 R - the amulet "Sydovaucs" {Spirit rElec}
   (You found it on level 10 of the Dungeon)

   [amulet of guardian spirit]

   It causes incoming damage to be split between your health and magic.
   It insulates you from electricity.
 T - an uncursed ring of resist corrosion
Wands
 f - a wand of iceblast (7/15)
 h - a wand of acid (5/15)
 y - a wand of iceblast (8/15)
 S - a wand of paralysis (2/24)
Scrolls
 e - a scroll of identify
 i - 3 scrolls of fog
 k - 6 scrolls of remove curse
 l - a scroll of acquirement {unknown}
 m - 3 scrolls of magic mapping
 r - 4 scrolls of recharging
 s - a scroll of torment
 C - a scroll of blinking
Miscellaneous
 n - a lamp of fire


   Skills:
 + Level 6.5 Fighting
 - Level 14.0 Polearms
 + Level 5.0 Armour
 + Level 5.3 Dodging
 - Level 1.5 Stealth
 - Level 7.0 Spellcasting
 - Level 8.0 Charms
 - Level 8.0 Necromancy


You had 12 spell levels left.
You knew the following spells:

 Your Spells              Type           Power        Failure   Level  Hunger
a - Spectral Weapon       Hex/Chrm       ###.....     14%         3    N/A
b - Shroud of Golubria    Chrm/Tloc      ###.......   8%          2    N/A
c - Vampiric Draining     Necr           ######....   2%          3    N/A
d - Control Undead        Necr           ######....   10%         4    N/A
e - Pain                  Necr           ####         1%          1    N/A
f - Apportation           Tloc           #.........   24%         1    N/A

Dungeon Overview and Level Annotations

Branches:
Dungeon (12/15)            Temple (1/1) D:5            Lair (6/6) D:9
 Shoals (0/4) Lair:2       Spider (0/4) Lair:3        Slime (0/5) Lair:6
    Orc (0/2) D:10

Altars:
Ashenzari
Cheibriados
Dithmenos
Elyvilon
Fedhas
Gozag
Hepliaklqana
Kikubaaqudgha
Makhleb
Nemelex Xobeh
Okawaru
Qazlal
Ru
Sif Muna
Trog
Uskayaw
Vehumet
Xom
Yredelemnul
Zin
The Shining One
Jiyva

Shops:
D:7 [

Annotations:
D:12 Rupert
Lair:6 exclusion: door


Innate Abilities, Weirdness & Mutations

You do not eat or drink.
Your flesh is vulnerable to fire.
You are immune to poison.
Your flesh is cold resistant. (rC+)
You are immune to negative energy. (rN+++)
You are immune to unholy pain and torment.
You can survive without breathing.
You are in touch with the powers of death.


Message History

Your spectral weapon fades away.
* * * LOW HITPOINT WARNING * * *
Unknown command.
The ufetubus barely misses you.
The ufetubus hits you but does no damage.
A sixfirhy comes into view.
You see here a smoky puce potion.
The sixfirhy hits you but does no damage.
The unseen horror barely misses you.
Okay, then.
The unseen horror completely misses you.
The unseen horror hits you but does no damage. x2
The unseen horror closely misses you.
The unseen horror hits you but does no damage.
The sixfirhy hits you but does no damage.
The unseen horror closely misses you. The sixfirhy hits you!
* * * LOW HITPOINT WARNING * * *
The sixfirhy shocks you!
You die...

# .# # ..# ...
####### #.#### ..
#≈≈#.#3..##.....# #
.#≈♣#..@#x.#.#.#...
.#..≈≈.#..#55.......
#..≈≈...#.........#
..≈≈..###..#!#..##
#≈≈.##..####3.##.#
###≈♣###5... ..####
.5≈.#..#3........#
..≈♣....
##...#...... 5≈≈##
3..##.#...#...#


You could see a sixfirhy.

Vanquished Creatures
  Gastronok (D:11)
  Kirke (Lair:6)
  Nessos (Lair:5)
  Harold (D:11)
  7 hydras
  A death yak (Lair:2)
  A wizard (Lair:6)
  A lindwurm (Lair:5)
  2 ugly things (D:11)
  5 black mambas
  A torpor snail (Lair:6)
  9 elephants
  8 spiny frogs
  The ghost of Xiguana the Skirmisher, a novice DsCK of Xom (D:5)
  A rime drake (Lair:2)
  A centaur skeleton (D:9)
  5 komodo dragons
  A polar bear (Lair:4)
  3 two-headed ogres
  10 hippogriffs
  16 blink frogs
  Sigmund (D:4)
  14 yaks
  8 hogs
  4 basilisks
  A human (D:8)
  3 hungry ghosts
  A vampire mosquito (D:8)
  Menkaure (D:4)
  A mottled dragon (D:12)
  22 porcupines
  12 water moccasins
  An ice beast (D:6)
  2 orc warriors (D:8)
  3 sky beasts
  A necrophage (D:10)
  3 ogres
  18 wolves
  11 centaurs
  19 crocodiles
  A big kobold (D:6)
  12 bullfrogs
  4 scorpions
  10 killer bees
  4 howler monkeys
  A wight (D:8)
  6 electric eels (D:5)
  A crimson imp (D:8)
  2 bullfrog zombies
  5 orc priests
  2 jellies
  5 hounds
  11 iguanas
  2 hell rats (D:9)
  13 worker ants
  10 orc wizards
  Terence (D:3)
  2 hound zombies
  A mummy (D:5)
  A worker ant zombie (D:6)
  12 gnolls
  53 river rats
  9 adders
  2 shadow imps
  An adder skeleton (D:4)
  2 dart slugs
  2 worms
  6 leopard geckos
  30 orcs
  2 ball pythons (D:1)
  4 giant cockroaches
  8 goblins
  4 hobgoblins
  16 jackals
  8 kobolds
  6 quokkas
  8 bats
  4 frilled lizards
  2 hobgoblin zombies (D:5)
  2 kobold zombies (D:5)
  A leopard gecko zombie (D:5)
  2 quokka skeletons
  6 rats
  2 butterflies
489 creatures vanquished.

Vanquished Creatures (others)
  2 river rats (Lair:6)
  7 fungi
  7 plants
  24 spectral weapons
40 creatures vanquished.

Grand Total: 529 creatures vanquished

Notes
Turn   | Place    | Note
-------+----------+-------------------------------------------
     0 | D:1      | Alarkh the Mummy Necromancer began the quest for the Orb.
     0 | D:1      | Reached XP level 1. HP: 13/13 MP: 3/3
   148 | D:1      | Reached XP level 2. HP: 19/19 MP: 0/5
   915 | D:1      | Reached XP level 3. HP: 21/24 MP: 2/7
  1563 | D:3      | Noticed a scorpion
  1608 | D:3      | Killed a scorpion
  1608 | D:3      | Reached skill level 5 in Necromancy
  1608 | D:3      | Reached XP level 4. HP: 17/30 MP: 3/9
  2009 | D:2      | Reached XP level 5. HP: 12/35 MP: 2/10
  2015 | D:2      | Learned a level 3 spell: Vampiric Draining
  2020 | D:2      | Learned a level 4 spell: Control Undead
  2330 | D:3      | Noticed Terence
  2337 | D:3      | Killed Terence
  2563 | D:3      | Reached XP level 6. HP: 33/41 MP: 4/12
  3173 | D:4      | Noticed Menkaure
  3501 | D:4      | Reached skill level 5 in Spellcasting
  3950 | D:4      | Noticed Sigmund
  3956 | D:4      | Killed Sigmund
  3956 | D:4      | Reached XP level 7. HP: 20/46 MP: 4/15
  4113 | D:4      | Killed Menkaure
  4199 | D:5      | Entered Level 5 of the Dungeon
  4333 | D:5      | Found a staircase to the Ecumenical Temple.
  4344 | Temple   | Entered the Ecumenical Temple
  4733 | Temple   | Became a worshipper of Warmaster Okawaru
  4871 | D:5      | Reached XP level 8. HP: 20/52 MP: 10/17
  6254 | D:5      | Noticed Xiguana's ghost (novice DsCK)
  6278 | D:6      | Reached skill level 1 in Polearms
  6313 | D:6      | Reached skill level 2 in Polearms
  6407 | D:6      | Reached skill level 3 in Polearms
  6503 | D:6      | Reached * piety under Okawaru
  6645 | D:6      | Found a large runed door.
  6645 | D:6      | Found a large runed door.
  6678 | D:6      | Reached skill level 4 in Polearms
  6682 | D:6      | Identified the Papyrus of Ice and the Escort
  6711 | D:6      | Found a large runed door.
  6711 | D:6      | Found a large runed door.
  6871 | D:6      | Reached skill level 5 in Polearms
  6871 | D:6      | Reached XP level 9. HP: 24/57 MP: 19/19
  7070 | D:6      | Identified Japa's Papyrus of Freezing Evil
  7146 | D:7      | Found Atacsymo's Antique Armour Emporium.
  7153 | D:7      | Bought a pair of runed boots for 121 gold pieces
  7153 | D:7      | Bought a shiny ring mail for 108 gold pieces
  7269 | D:7      | Found a white marble altar of Elyvilon.
  7335 | D:7      | Found a burning altar of Makhleb.
  7397 | D:7      | Reached ** piety under Okawaru
  7463 | D:7      | Reached skill level 6 in Polearms
  7772 | D:8      | Found a blossoming altar of Fedhas.
  7804 | D:8      | Reached skill level 7 in Polearms
  8005 | D:8      | Reached skill level 8 in Polearms
  8141 | D:8      | Reached *** piety under Okawaru
  8195 | D:8      | Reached XP level 10. HP: 29/63 MP: 13/20
  8390 | D:8      | Found a blossoming altar of Fedhas.
  8608 | D:8      | Reached skill level 9 in Polearms
  8945 | D:9      | Reached **** piety under Okawaru
  8945 | D:9      | Reached skill level 10 in Polearms
  9043 | D:9      | Found a staircase to the Lair.
  9587 | D:10     | Entered Level 10 of the Dungeon
  9625 | D:10     | Received a gift from Okawaru
  9690 | D:10     | Found a staircase to the Orcish Mines.
  9732 | D:10     | Got a transparent amethyst amulet
  9733 | D:10     | Identified the amulet "Sydovaucs" {Spirit rElec} (You found it on level 10 of the Dungeon)
  9858 | D:10     | Reached skill level 11 in Polearms
 10710 | D:5      | Killed Xiguana's ghost
 10793 | Lair:1   | Entered Level 1 of the Lair of Beasts
 10843 | Lair:1   | Learned a level 3 spell: Spectral Weapon
 10877 | Lair:1   | Reached XP level 11. HP: 53/68 MP: 11/21
 10959 | Lair:1   | Reached skill level 1 in Charms
 11224 | Lair:1   | Reached ***** piety under Okawaru
 12081 | Lair:1   | Got a fine robe
 12420 | Lair:2   | Identified the cursed +1 robe "Dehog" {rF+ rC++ rN+ Dex+4} (You found it on level 1 of the Lair of Beasts)
 12457 | Lair:2   | Learned a level 2 spell: Shroud of Golubria
 12543 | Lair:2   | Reached skill level 12 in Polearms
 12778 | Lair:2   | Noticed a death yak
 12874 | Lair:2   | Killed a death yak
 12874 | Lair:2   | Received a gift from Okawaru
 12927 | Lair:2   | Found a staircase to the Shoals.
 13044 | Lair:2   | Reached skill level 5 in Charms
 13668 | Lair:3   | Noticed a five-headed hydra
 13855 | Lair:3   | Found a hole to the Spider Nest.
 13989 | Lair:3   | Received a gift from Okawaru
 14013 | Lair:3   | Reached XP level 12. HP: 61/74 MP: 15/22
 14459 | Lair:3   | Killed a five-headed hydra
 14529 | Lair:4   | Noticed a six-headed hydra
 15244 | Lair:4   | Reached skill level 13 in Polearms
 16104 | Lair:5   | Noticed Nessos
 16381 | Lair:5   | Reached ****** piety under Okawaru
 17423 | Lair:5   | Killed Nessos
 17784 | Lair:5   | Noticed a four-headed hydra
 17795 | Lair:5   | Killed a four-headed hydra
 17795 | Lair:5   | Reached skill level 14 in Polearms
 17864 | Lair:6   | Entered Level 6 of the Lair of Beasts
 17875 | Lair:6   | Found a viscous altar of Jiyva.
 17875 | Lair:6   | Found a staircase to the Slime Pits.
 17879 | Lair:6   | Noticed a five-headed hydra
 17903 | Lair:6   | Received a gift from Okawaru
 18091 | Lair:6   | Reached skill level 1 in Fighting
 18098 | Lair:6   | Gained mutation: You are in touch with the powers of death. [Mummy growth]
 18098 | Lair:6   | Reached XP level 13. HP: 59/82 MP: 23/23
 18354 | Lair:5   | Reached skill level 1 in Armour
 18820 | Lair:6   | Noticed Kirke
 19070 | Lair:6   | Noticed a sphinx
 19084 | Lair:6   | Killed Kirke
 19487 | Lair:6   | Received a gift from Okawaru
 19490 | Lair:6   | Got a faintly glowing scale mail {god gift}
 19501 | Lair:6   | Identified the +0 scale mail of Surprise {-Cast rN+ Str+8} (Okawaru gifted it to you on level 6 of the Lair of Beasts)
 20004 | Lair:6   | Noticed a dire elephant
 20068 | Lair:5   | Reached skill level 5 in Fighting
 20858 | Lair:2   | Learned a level 1 spell: Apportation
 21053 | D:11     | Noticed Gastronok
 21073 | D:11     | Killed Gastronok
 21073 | D:11     | Reached skill level 5 in Dodging
 21110 | D:11     | Received a gift from Okawaru
 21308 | D:11     | Noticed Harold
 21345 | D:11     | Killed Harold
 21573 | D:11     | Found a bloodstained altar of Trog.
 21987 | D:11     | Reached skill level 5 in Armour
 22358 | D:12     | Noticed Rupert
 22404 | D:12     | Cast into level 3 of the Abyss (Rupert)
 22460 | Abyss:3  | HP: 2/94 [sixfirhy (11)]
 22460 | Abyss:3  | Mangled by a sixfirhy

Vault maps used:
D:1:      lightli_arrival_farm, solitary_fountain, minmay_curled_crystal
D:3:      first_bread, uniq_terence
D:4:      st_stairs_4, uniq_menkaure, uniq_sigmund
D:5:      cheibrodos_two_vegetables, minmay_mini_ossuary
D:6:      minmay_hollow_rounded_squares
D:7:      elyvilon_altar_5, overflow_temple_1_default, serial_shops,
          shop_fountains, st_stairs_8
D:8:      wad_cavern_with_rooms, kennysheep_little_box, hangedman_decor_lopped,
          grunt_livestock, fedhas_altar_1
D:9:      dpeg_lair_monsters
D:10:     orc_0_dummy
D:11:     bloody_trog, uniq_gastronok, uniq_harold
D:12:     basic_altar, uniq_rupert, uniq_azrael
Temple:   dpeg_five_rooms_temple
Lair:1:   minivault_23, lemuel_fruit_fields, grunt_megastairs_1,
          serial_bayou_shore_b
Lair:2:   minmay_shoals_entry_centaurs, st_stairs_10, beast_lair_carwin_8
Lair:3:   spider_nest_entry_web_field, bh_autumn_forest_stairs
Lair:4:   st_stairs_13, grunt_megastairs_2, infiniplex_staircase_pool_2
Lair:5:   uniq_nessos
Lair:6:   evil_forest, slime_altar_1, lemuel_fruit_fields, uniq_kirke

Skill      XL: |  1  2  3  4  5  6  7  8  9 10 11 12 13 |
---------------+----------------------------------------+-----
Spellcasting   | 3 4 5 6 7 |  7.0
Necromancy     | 5 6 7 8 |  8.0
Polearms       | 5 8 11 12 14 | 14.0
Charms         | 5 8 |  8.0
Fighting       | 1 6 |  6.5
Dodging        | 2 5 |  5.3
Armour         | 5 |  5.0
Stealth        | |  1.5

Action                   |  1- 3 |  4- 6 |  7- 9 | 10-12 | 13-15 || total
-------------------------+-------+-------+-------+-------+-------++-------
Melee: Unarmed           |    14 |       |       |       |       ||    14
       Short sword       |     9 |     3 |       |       |       ||    12
       Quarterstaff      |       |     7 |       |       |       ||     7
       Spear             |       |    36 |   407 |  1087 |   127 ||  1657
       Flail             |       |     6 |    21 |       |       ||    27
       Halberd           |       |       |   120 |    76 |   228 ||   424
       Punch             |       |       |       |     1 |     4 ||     5
 Cast: Pain              |    74 |   113 |     3 |     4 |     6 ||   200
       Vampiric Draining |       |     7 |    30 |   119 |    55 ||   211
       Spectral Weapon   |       |       |       |    68 |    53 ||   121
       Shroud of Golubri |       |       |       |     6 |    10 ||    16
Invok: Heroism           |       |       |     1 |    11 |    11 ||    23
       Finesse           |       |       |       |       |     1 ||     1
Evoke: Wand              |       |       |       |    10 |       ||    10
  Use: Scroll            |     5 |     4 |     4 |    16 |     5 ||    34
 Stab: Sleeping          |       |     3 |    13 |     6 |     5 ||    27
       Distracted        |       |     2 |     1 |     6 |     8 ||    17
       Invisible         |       |       |       |     5 |       ||     5
       Paralysed         |       |       |       |     9 |       ||     9
Armor: Robe              |    16 |    14 |    14 |       |       ||    44
       Ring mail         |       |       |   187 |   384 |   195 ||   766
       Leather armour    |       |       |     1 |       |       ||     1
Dodge: Dodged            |    34 |    41 |   215 |   424 |   185 ||   899
Block: Other             |       |       |     8 |    16 |       ||    24
       Reflection        |       |       |       |     1 |       ||     1
